 Dungeon Crawl Stone Soup version 0.21.0-3-g78d12a8 (webtiles) character file.

199 mopl the Vexing (level 5, -2/35 HPs)
             Began as a Mummy Enchanter on Jan 16, 2018.
             Slain by a scorpion (9 damage)
             ... on level 3 of the Dungeon.
             The game lasted 00:07:19 (3365 turns).

mopl the Vexing (Mummy Enchanter)                   Turns: 3365, Time: 00:07:19

Health: -2/35      AC:  4    Str: 12    XL:     5   Next: 48%
Magic:  2/10       EV: 12    Int: 14    God:
Gold:   185        SH:  0    Dex: 13    Spells: 2/11 levels left

rFire    x . .     SeeInvis .   a - +0 dagger (speed)
rCold    + . .     Gourm    .   (no shield)
rNeg     + + +     Faith    .   b - +0 robe
rPois    ∞         Spirit   .   i - +0 helmet
rElec    .         Reflect  .   (no cloak)
rCorr    .         Harm     .   p - +0 pair of gloves
MR       .....                  (no boots)
Stlth    ++........             (no amulet)
HPRegen  0.11/turn              (no ring)
MPRegen  0.12/turn              (no ring)

@: no status effects
A: no food or potions, fire vulnerability, cold resistance 1, negative energy
resistance 3, torment resistance, unbreathing
a: no special abilities


You were on level 3 of the Dungeon.
You were not hungry.

You visited 1 branch of the dungeon, and saw 4 of its levels.

You collected 185 gold pieces.

Inventory:

Hand Weapons
 a - a +0 dagger of speed (weapon)
 j - a +1 dagger
 m - a +2 dagger of pain
Missiles
 o - 6 javelins (quivered)
Armour
 b - a +0 robe (worn)
 i - a +0 helmet (worn)
 n - a +0 buckler
 p - a +0 pair of gloves (worn)
Scrolls
 d - 3 scrolls of teleportation
 e - a scroll of random uselessness {unknown}
 g - 3 scrolls of enchant weapon
 h - a scroll of blinking
 k - 2 scrolls of magic mapping
 l - 2 scrolls of fog
Books
 c - a book of Maledictions

   Spells                             Type                      Level
   a - Corona                         Hexes                        1
   b - Ensorcelled Hibernation        Hexes/Ice                    2
   c - Confuse                        Hexes                        3
   d - Tukima's Dance                 Hexes                        3
   e - Dazzling Spray                 Conjuration/Hexes            3


   Skills:
 + Level 1.6 Short Blades
 - Level 1.5 Dodging
 * Level 3.6 Stealth
 + Level 3.6 Spellcasting
 * Level 3.8 Hexes
 + Level 1.2 Ice Magic


You had 2 spell levels left.
You knew the following spells:

 Your Spells              Type           Power        Failure   Level  Hunger
a - Corona                Hex            ##.....      4%          1    N/A
b - Ensorcelled Hibernat  Hex/Ice        #.....       11%         2    N/A
c - Confuse               Hex            ##......     12%         3    N/A
d - Tukima's Dance        Hex            ##......     12%         3    N/A

Dungeon Overview and Level Annotations

Branches:
Dungeon (4/15)
 Temple: D:4-7

Altars:
Fedhas
Ru

Annotations:
D:1 1 runed door


Innate Abilities, Weirdness & Mutations

You do not eat or drink.
Your flesh is vulnerable to fire.
You are immune to poison.
Your flesh is cold resistant. (rC+)
You are immune to negative energy. (rN+++)
You are immune to unholy pain and torment.
You can survive without breathing.


Message History

You puncture the scorpion!
The scorpion is severely wounded.
The scorpion closely misses you.
Casting: Ensorcelled Hibernation
Confirm with . or Enter, or press ? or * to list all spells.
Aiming: Confuse
Press: ? - help, Shift-Dir - straight line, f/p - scorpion
Aim: a scorpion (severely wounded, chance to defeat MR: 44%)
The scorpion resists with some effort.
The scorpion stings you but does no damage.
Unknown command.
Casting: Confuse
Confirm with . or Enter, or press ? or * to list all spells.
Aiming: Confuse
Press: ? - help, Shift-Dir - straight line, f/p - scorpion
Aim: a scorpion (severely wounded, chance to defeat MR: 44%)
The scorpion resists with some effort.
The scorpion stings you.
* * * LOW HITPOINT WARNING * * *
The scorpion stings you!
You die...

####### ############......
######### #..............###
........# #s##########.#.>..
#######.## #@# #.##### #...#
#.# #.# #...# #.# #.#
####...#### #># #.# #.........#
#.# ########.# #.........# #.#
#........# #.........# #.#
#.#####..#####
#.##....######.###.#####.......
#.##.....)...........).........


You could see a scorpion.

Vanquished Creatures
  An orc wizard (D:3)
  Robin (D:1)
  3 gnolls (D:2)
  4 adders
  An ooze (D:2)
  A dart slug (D:2)
  2 leopard geckos (D:3)
  4 orcs (D:3)
  A ball python (D:2)
  A giant cockroach (D:3)
  24 goblins
  9 hobgoblins
  6 jackals (D:3)
  6 kobolds
  2 quokkas
  5 bats
  5 frilled lizards
  8 rats
84 creatures vanquished.

Notes
Turn   | Place    | Note
-------+----------+-------------------------------------------
     0 | D:1      | mopl the Mummy Enchanter began the quest for the Orb.
     0 | D:1      | Reached XP level 1. HP: 13/13 MP: 4/4
     0 | D:1      | Noticed a jelly
     2 | D:1      | Found a runed door.
   218 | D:1      | Reached skill level 1 in Short Blades
   410 | D:1      | Reached XP level 2. HP: 15/19 MP: 3/5
   425 | D:1      | Learned a level 2 spell: Ensorcelled Hibernation
   675 | D:1      | Reached skill level 3 in Hexes
   968 | D:2      | Reached skill level 3 in Spellcasting
   970 | D:2      | Reached XP level 3. HP: 13/24 MP: 1/7
   980 | D:2      | Noticed Robin
  1137 | D:1      | Learned a level 3 spell: Confuse
  1162 | D:1      | Killed Robin
  1206 | D:1      | Reached skill level 3 in Stealth
  1432 | D:2      | Found a faded altar of an unknown god.
  1440 | D:2      | Became a worshipper of Ru the Awakened
  1694 | D:1      | Fell from the grace of Ru
  1701 | D:2      | Reached XP level 4. HP: 25/30 MP: 5/8
  1935 | D:2      | Learned a level 3 spell: Tukima's Dance
  2051 | D:2      | Reached skill level 1 in Ice Magic
  2693 | D:3      | Reached XP level 5. HP: 28/35 MP: 7/10
  2699 | D:3      | Found a blossoming altar of Fedhas.
  3106 | D:4      | Noticed an ogre
  3365 | D:3      | Slain by a scorpion

Skill      XL: |  1  2  3  4 |
---------------+-------------+-----
Short Blades   | 1 |  1.6
Hexes          | 3 |  3.8
Spellcasting   | 3 |  3.6
Stealth        | 3 |  3.6
Ice Magic      | 1 |  1.2
Dodging        | |  1.5

Action                   |  1- 3 |  4- 6 || total
-------------------------+-------+-------++-------
Melee: Dagger            |   141 |   206 ||   347
 Cast: Corona            |    11 |       ||    11
       Ensorcelled Hiber |    17 |    31 ||    48
       Confuse           |       |     3 ||     3
Invok: Renounce Religion |     1 |       ||     1
  Use: Scroll            |       |     7 ||     7
 Stab: Sleeping          |     9 |    23 ||    32
       Confused          |       |     1 ||     1
Armor: Robe              |    35 |    50 ||    85
Dodge: Dodged            |    76 |    99 ||   175
